 Dungeon Crawl Stone Soup version 0.28-a0-43-g560ac104fe (webtiles) character file.

Game seed: 979698788282730153

39 bande the Skirmisher (level 3, -2/24 HPs)
             Began as a Gargoyle Fighter on July 29, 2021.
             Slain by Sigmund (12 damage)
             ... on level 2 of the Dungeon.
             The game lasted 00:01:42 (1051 turns).

bande the Skirmisher (Gargoyle Fighter)             Turns: 1051, Time: 00:01:43

Health: -2/24      AC: 10    Str: 19    XL:     3   Next: 47%
Magic:  3/3        EV:  7    Int:  8    God:
Gold:   60         SH:  9    Dex: 10    Spells: 2/2 levels left

rFire   . . .      SeeInvis .   a - +0 war axe
rCold   + . .      Faith    .   c - +0 kite shield
rNeg    + . .      Spirit   .   b - +0 scale mail
rPois   ∞          Reflect  .   (no helmet)
rElec   +          Harm     .   (no cloak)
rCorr   .          Rampage  .   (no gloves)
Will    .....                   (no boots)
Stlth   ..........              (no amulet)
HPRegen 0.08/turn               i - ring of protection from cold
MPRegen 0.08/turn               (no ring)

@: mighty, studying Armour, very slow
A: sickness immunity, AC +3, negative energy resistance 1, electricity
resistance, torment resistance 1, petrification resistance
a: no special abilities


You were on level 2 of the Dungeon.
You visited 1 branch of the dungeon, and saw 2 of its levels.

You collected 60 gold pieces.

Inventory:

Hand Weapons
 a - a +0 war axe (weapon)
Armour
 b - a +0 scale mail (worn)
 c - a +0 kite shield (worn)
Jewellery
 i - a ring of protection from cold (left hand)
Scrolls
 e - a scroll of identify
Potions
 d - a potion of might
 g - a potion of resistance
 h - a potion of flight


   Skills:
 + Level 3.8 Fighting
 + Level 2.5 Axes
 + Level 3.6 Armour
 + Level 3.5 Shields


You had 2 spell levels left.
You didn't know any spells.
Your spell library contained the following spells:

 Spells                   Type           Power      Damage    Failure   Level
 Foxfire                  Conj/Fire      0%         2x1d4     99%         1
 Conjure Flame            Conj/Fire      0%         6-21      100%        3
 Inner Flame              Hex/Fire       0%         N/A       100%        3


Dungeon Overview and Level Annotations

Branches:
Dungeon (2/15)

Altars:

Annotations:
D:2 Sigmund


Innate Abilities, Weirdness & Mutations

You are immune to sickness and miasma.
Your stone body is resilient. (AC +3)
You are immune to poison.
You resist negative energy. (rN+)
You are resistant to electric shocks. (rElec)
You are resistant to unholy torment.
You are immune to petrification.


Message History

A goblin and a kobold come into view.
The goblin shouts!
The kobold shouts!
You block the kobold's attack.
You closely miss the goblin. You hit the kobold.
You kill the kobold!
The goblin hits you with a +0 dagger.
You slash the goblin!
You kill the goblin!
No target in view!
No target in view!
No target in view!
No target in view!
No target in view!
No target in view!
No target in view!
HP restored.
Things that are here:
a +0 short sword; a kobold corpse
Things that are here:
a +0 dagger; a goblin corpse Sigmund the Dreaded comes into view.
He is wielding a +4 vampiric scythe.
Sigmund shouts!
Sigmund gestures at you while chanting.
You are confused.
You enter the shallow water.
Moving in this stuff is going to be slow.
Found a scroll labelled XALEICV ORIR.
You feel very mighty all of a sudden. Sigmund barely misses you.
Sigmund points at you and mumbles some strange words.
You resist with significant effort.
You feel less confused.
Sigmund splashes around in the water.
Sigmund says, "Now you see me, now you don't..."
You block Sigmund's attack.
Sigmund hits you with a +4 vampiric scythe!
Ouch! That really hurt!
Sigmund hits you with a +4 vampiric scythe!
Ouch! That really hurt!
You die...

#......†#### #.#
#.#..# #.......# #.#
#.#... #.......# #.#
#.#.#.# #.......#####
#.. ..#.#..
##.......#...#####
###.##.#
......(..+......
#.......#...#.##
#.......#...#..####..^
#.....))###≈.≈@≈≈..?..
#.......##..≈≈@≈..≈...
#.......##♣.♣..≈≈##...
#........#.≈≈≈≈≈≈.≈♣ .
########..##...#..≈≈.
##.≈♣..≈≈.≈≈≈..
###.≈≈≈.≈##...
##..≈♣≈.≈... ##≈♣.≈≈≈


You could see Sigmund.

Vanquished Creatures
  3 dart slugs (D:1)
  3 ball pythons
  2 endoplasms (D:1)
  A giant cockroach (D:1)
  A goblin (D:2)
  2 hobgoblins (D:1)
  11 jackals
  A bat (D:1)
  A kobold (D:2)
  3 rats (D:1)
28 creatures vanquished.

Notes
Turn   | Place    | Note
-------+----------+-------------------------------------------
     0 | D:1      | bande the Gargoyle Fighter began the quest for the Orb.
     0 | D:1      | Reached XP level 1. HP: 14/14 MP: 1/1
    64 | D:1      | Reached XP level 2. HP: 19/19 MP: 2/2
   578 | D:1      | Found a faded altar of an unknown god.
   654 | D:1      | Reached XP level 3. HP: 22/23 MP: 3/3
  1014 | D:2      | Identified a scroll of acquirement
  1014 | D:2      | Acquired a manual of Armour
  1044 | D:2      | Noticed Sigmund
  1051 | D:2      | Slain by Sigmund

Illustrated notes

Levels and vault maps discovered:
D:1:      roderic_octagonal_star, layout_basic, chequers_ecumenical_altar_twisty
D:2:      layout_basic, chequers_serial_rivers_marsh, uniq_sigmund

Skill      XL: |  1 |
---------------+----+-----
Axes           | 2 |  2.5
Fighting       | |  3.8
Armour         | |  3.6
Shields        | |  3.5

Action                   || total
-------------------------++-------
Melee: War axe           ||    72
  Use: Scroll            ||     3
       Potion            ||     1
Armor: Scale mail        ||    48
Dodge: Dodged            ||    25
Block: Kite shield       ||    50

Table legend: (Time is in decaauts)
 A = Elapsed time spent in this place.
 B = Non-inter-level travel time spent in this place.
 C = Inter-level travel time spent in this place.
 D = Time resting spent in this place.
 E = Time spent auto-exploring this place.
 F = Levels seen in this place.
 G = Mean time per level.
                   A        B        C        D        E       F      G
               +--------+--------+--------+--------+--------+-----+--------+
         Total |   1097 |   1079 |     18 |      0 |    854 |   2 |  548.5 |
       Dungeon |   1097 |   1079 |     18 |      0 |    854 |   2 |  548.5 |
               +--------+--------+--------+--------+--------+-----+--------+

Top non-repeatable levels by time:
     D:1: 1022 daAuts
     D:2: 74 daAuts
